 Dungeon Crawl Stone Soup version 0.13-a0-2484-gc765b08 (webtiles) character file.

320 Rycklaryybbe the Insei (level 4, -12/34 HPs)
             Began as a Vampire Monk on July 21, 2013.
             Killed by divine providence
             ... invoked by an orc priest
              (14 damage)
             ... on Level 4 of the Dungeon.
             The game lasted 00:06:25 (2529 turns).

Rycklaryybbe the Insei (Vampire Monk)               Turns: 2529, Time: 00:06:25

HP -12/34        AC  3     Str 10      XL: 4   Next: 80%
MP   4/4         EV 14     Int 12      God:
Gold 197         SH  0     Dex 17      Spells:  0 memorised,  3 levels left

Res.Fire  : + . .   See Invis. : +     - Unarmed
Res.Cold  : x . .   Warding    : .   s - +1 robe {MR+}
Life Prot.: + . .   Conserve   : .   (no shield)
Res.Poison: .       Res.Corr.  : .   (no helmet)
Res.Elec. : .       Clarity    : .   (no cloak)
Sust.Abil.: . .     Spirit.Shd : .   (no gloves)
Res.Mut.  : .       Stasis     : .   (no boots)
Res.Rott. : .       Flight     : .   (no amulet)
Saprovore : . . .                    (no ring)
                                     g - ring of fire

@: somewhat resistant to hostile enchantments, stealthy
A: fangs 3, see invisible, unbreathing
a: Bat Form


You were on level 4 of the Dungeon.
You were not thirsty.

You visited 1 branch of the dungeon, and saw 4 of its levels.

You collected 197 gold pieces.

Inventory:

Hand weapons
 m - a +0,+0 dagger
Missiles
 l - 12 silver darts (quivered)
Armour
 a - a +0 robe
 n - a +0 ring mail of magic resistance
 s - a +1 robe of magic resistance (worn)
Scrolls
 c - 2 scrolls of fear {unknown}
 d - 2 scrolls of magic mapping {unknown}
 e - a scroll of blinking {unknown}
 h - 4 scrolls of remove curse {unknown}
 i - 5 scrolls of random uselessness {unknown}
 j - 3 scrolls of identify {unknown}
 k - a scroll of recharging {unknown}
 p - a scroll of teleportation {unknown}
 q - a scroll of curse jewellery {unknown}
 r - a scroll of enchant weapon II {unknown}
Jewellery
 g - a ring of fire (left hand)
 t - a +3 ring of intelligence {unknown}
Potions
 f - 3 potions of curing {unknown}
 o - 3 potions of heal wounds {unknown}
 u - a potion of invisibility {unknown}


   Skills:
 - Level 2.6 Fighting
 - Level 1.8 Armour
 - Level 3.2 Dodging
 - Level 3.0 Stealth
 + Level 6.2 Unarmed Combat


You had 3 spell levels left.
You didn't know any spells.

Dungeon Overview and Level Annotations

Branches:
Dungeon (4/27)
 Temple: D:4-7

Altars:
Elyvilon

Annotations
D:3 horsemans' ghost, weakling TrBe
D:4 Sigmund


Innate Abilities, Weirdness & Mutations

You have razor-sharp teeth.*
You have supernaturally acute eyesight.
You can survive without breathing.*


Message History

The bat hits you but does no damage. The bat misses you.
The orc priest looks stronger.
The bat barely misses you.
The orc wizard casts a spell.
The orc wizard seems to speed up.
The bat hits you but does no damage. The bat hits you. The bat hits you.
The orc priest utters an invocation to Beogh.
You feel a wave of unholy energy pass over you.
The bat barely misses you. The bat hits you but does no damage.
The bat closely misses you.
The orc priest calls down the wrath of Beogh upon you.
Something smites you!
* * * LOW HITPOINT WARNING * * *
The bat hits you but does no damage.
The orc priest calls down the wrath of Beogh upon you.
Something smites you!
You die...

########## #........#
#.######.# #.#####.<.
#.#.......
##############.#.#.....
#......................
...####@#........#....).
##..####b########...##...
.........# ##.###...
##..####.# #.# #### #o#
#.# #.. #. #.# #.####.#
#..####.##### #....#.#
#.#.....oo#...########.#.#
.........o........%......#


You could see an orc priest, an orc wizard (invisible), 2 orcs and a bat.

Vanquished Creatures
  Ijyb (D:3)
  Jessica (D:3)
  3 adders
  2 worms
  An ooze (D:2)
  4 giant cockroaches
  8 goblins
  8 hobgoblins
  6 kobolds
  A quokka (D:2)
  7 bats
  2 giant newts (D:2)
  5 rats
49 creatures vanquished.

Notes
Turn   | Place    | Note
--------------------------------------------------------------
     0 | D:1      | Rycklaryybbe, the Vampire Monk, began the quest for the Orb.
     0 | D:1      | Reached XP level 1. HP: 16/16 MP: 1/1
   202 | D:1      | Reached XP level 2. HP: 22/22 MP: 2/2
   228 | D:1      | Reached skill level 5 in Unarmed Combat
   664 | D:2      | Reached XP level 3. HP: 13/27 MP: 3/3
  1003 | D:2      | Reached skill level 1 in Armour
  1420 | D:3      | Noticed Jessica
  1428 | D:3      | Killed Jessica
  1428 | D:3      | Reached XP level 4. HP: 34/34 MP: 4/4
  1503 | D:3      | Noticed Ijyb
  1540 | D:3      | Killed Ijyb
  1689 | D:3      | Found a white marble altar of Elyvilon.
  1794 | D:3      | Noticed horsemans' ghost (weakling TrBe)
  2005 | D:3      | Reached skill level 6 in Unarmed Combat
  2474 | D:4      | Noticed Sigmund
  2528 | D:4      | HP: 1/34 [orc priest/divine providence (13)]
  2529 | D:4      | Killed from afar by an orc priest

Action                   |  1- 3 |  4- 6 || total
-------------------------+-------+-------++-------
Melee: Unarmed           |    97 |    84 ||   181
Throw: Dart              |    12 |       ||    12
 Stab: Sleeping          |    11 |     3 ||    14
